 Dungeon Crawl Stone Soup version 0.26-a0-660-gc07710193c (webtiles) character file.

Game seed: 7917974568250307929

27942 Conn the Destroyer (level 13, -1/94 HPs)
             Began as an Octopode Conjurer on Oct 8, 2020.
             Was an Elder of Sif Muna.
             Slain by an entropy weaver
             ... wielding a +2 vampiric trident
              (14 damage)
             ... on level 4 of the Lair of Beasts.
             The game lasted 01:48:48 (21549 turns).

Conn the Destroyer (Octopode Conjurer)             Turns: 21549, Time: 01:48:48

Health: -1/94      AC: -3    Str: 12    XL:     13   Next: 35%
Magic:  22/35      EV: 15    Int: 29    God:    Sif Muna [****..]
Gold:   310        SH:  0    Dex: 12    Spells: 10/31 levels left

rFire    + + .     SeeInvis +   a - +4 dagger
rCold    . . .     Faith    +   (no shield)
rNeg     . . .     Spirit   .   (helmet restricted)
rPois    +         Reflect  .   N - amulet of Perfectionism {Faith rF+ Str+5 Int-2 Dex+2}
rElec    .         Harm     .   M - ring of see invisible
rCorr    .         Rampage  .   g - ring of stealth
MR       +....                  C - +6 ring of intelligence
Stlth    ++++++....             e - ring of protection from cold
HPRegen  0.25/turn              F - ring of fire
MPRegen  0.24/turn              z - ring of magical power
                                I - ring of poison resistance
                                K - ring of protection from magic

@: corroded
A: almost no armour, stealthy swim, amphibious, 8 rings, constrict 8, camouflage
1, robust 1, wild magic 1, gelatinous body 1
a: Channel Magic, Forget Spell, Divine Exegesis, Renounce Religion


You were on level 4 of the Lair of Beasts.
You worshipped Sif Muna.
Sif Muna was greatly pleased with you.
You visited 3 branches of the dungeon, and saw 17 of its levels.

You collected 810 gold pieces.
You spent 500 gold pieces at shops.

Inventory:

Hand Weapons
 a - a +4 dagger (weapon)
 b - a +0 hunting sling of freezing
 u - a +0 short sword
Missiles
 c - 59 sling bullets
 f - 6 silver javelins
 x - 6 boomerangs of dispersal (quivered)
Magical Staves
 E - an uncursed staff of poison
Jewellery
 e - a ring of protection from cold (on tentacle)
 g - a ring of stealth (right tentacle)
 j - an uncursed ring of flight
 s - an uncursed amulet of guardian spirit
 z - a ring of magical power (on tentacle)
 C - a +6 ring of intelligence (on tentacle)
 F - a ring of fire (on tentacle)
 I - a ring of poison resistance (on tentacle)
 K - a ring of protection from magic (on tentacle)
 M - a ring of see invisible (left tentacle)
 N - the amulet of Perfectionism (around mantle) {Faith rF+ Str+5 Int-2 Dex+2}
   (You found it on level 2 of the Lair of Beasts)

   [amulet of faith]

   It allows you to gain divine favour quickly.
   It affects your strength (+5).
   It affects your intelligence (-2).
   It affects your dexterity (+2).
   It protects you from fire.
 Q - an uncursed amulet of magic regeneration {unknown}
Wands
 o - a wand of polymorph (8)
 p - a wand of random effects (19)
 t - a wand of iceblast (8)
 v - a wand of flame (54)
 w - a wand of enslavement (8)
 A - a wand of acid (8)
 O - a wand of digging (5)
 P - a wand of disintegration (5)
Scrolls
 h - 8 scrolls of remove curse
 k - 12 scrolls of identify
 l - 4 scrolls of enchant armour
 m - 2 scrolls of immolation
 y - a scroll of teleportation
 G - 2 scrolls of magic mapping
 R - a scroll of fog {unknown}
Potions
 d - 2 potions of haste
 i - 2 potions of mutation
 q - 2 potions of might
 r - 5 potions of curing
 B - 2 potions of stabbing
 D - a potion of flight
 H - 2 potions of magic
 S - a potion of invisibility
Miscellaneous
 n - a phantom mirror (inert)


   Skills:
 + Level 7.2 Fighting
 + Level 4.2 Short Blades
 - Level 7.4 Slings
 + Level 4.5 Dodging
 + Level 9.7 Stealth
 * Level 9.8 Spellcasting
 * Level 10.5 Conjurations
 + Level 1.4 Hexes
 * Level 2.8 Translocations
 * Level 5.6 Fire Magic
 - Level 4.8 Air Magic
 - Level 5.3 Poison Magic
 - Level 4.3 Invocations
 + Level 1.6 Evocations


You had 10 spell levels left.
You knew the following spells:

 Your Spells              Type           Power        Failure   Level
a - Magic Dart            Conj           ####         1%          1
b - Searing Ray           Conj           ######       1%          2
c - Blink                 Tloc           N/A          3%          2
d - Iskenderun's Mystic   Conj/Tloc      ######..     4%          4
e - Conjure Flame         Conj/Fire      #######.     1%          3
f - Mephitic Cloud        Conj/Pois/Air  ######..     1%          3
g - Fulminant Prism       Conj/Hex       ######....   5%          4
h - Call Imp              Summ           ###.....     9%          2

Your spell library contained the following spells:

 Spells                   Type           Power        Failure   Level
 Poisonous Vapours        Pois/Air       ######       1%          2
 Dazzling Flash           Conj/Hex       ######       1%          3
 Slow                     Hex            ####....     5%          2
 Freezing Cloud           Conj/Ice/Air   ######....   65%         6


Dungeon Overview and Level Annotations

Branches:
Dungeon (11/15)            Temple (1/1) D:7            Lair (5/6) D:9
 Shoals (0/4) Lair:2        Snake (0/4) Lair:3
  Slime: Lair:5-6       Orc: D:9-12

Altars:
Dithmenos
Gozag
Hepliaklqana
Kikubaaqudgha
Makhleb
Nemelex Xobeh
Okawaru
Sif Muna
Xom
Yredelemnul

Shops:
D:5 [   D:6 :!

Annotations:
D:4 snadeaben's ghost, novice HOMo
D:9 1 runed translucent door, Turtleman12345's ghost, novice VSDe
Lair:1 exclusion: oklob plant
Lair:5 exclusion: oklob plant


Innate Abilities, Weirdness & Mutations

You cannot wear most types of armour.
You are very stealthy in the water. (Stealth+)
You are amphibious.
You can wear up to eight rings at the same time.
You can use your tentacles to constrict eight enemies at once.
Your skin changes colour to match your surroundings (Stealth+).
Your rubbery body absorbs attacks. (AC +1, EV +1)
You are robust. (+10% HP)
Your spells are a little harder to cast, but a little more powerful.


Message History

(Press . to maintain the ray.)
The entropy weaver hits you from afar with a +2 vampiric trident!
The entropy weaver draws strength from your wounds!
The entropy weaver hits you from afar with a +2 vampiric trident!!
The entropy weaver hits you from afar with a +2 vampiric trident. x2
The searing ray hits the entropy weaver!
The entropy weaver is almost dead.
The entropy weaver barely misses you.
The entropy weaver hits you from afar with a +2 vampiric trident!
The entropy weaver closely misses you.
The entropy weaver hits you from afar with a +2 vampiric trident!
A soldier ant comes into view.
The entropy weaver hits you from afar with a +2 vampiric trident!
* * * LOW HITPOINT WARNING * * *
The entropy weaver draws strength from your wounds!
The entropy weaver hits you from afar with a +2 vampiric trident!
* * * LOW HITPOINT WARNING * * *
The entropy weaver draws strength from your wounds!
The entropy weaver hits you from afar with a +2 vampiric trident!
You die...

..## ##....#................##
...####.....#.#..............#
..........>##................# #
...........###.........B....## #
...........####.............# ###
......)......##....#.###....###..
..P.###....#.##.....## #.........
...####....####.....# #.........
..## #P....# #.@..## #.........
...# ##....# ##....## #.........
...# #....# #..B...# #....##.##
..P# #....# ##)...## #.....####
...# ##....# #......# ##.....
..## #.....# ##....## #....# ..#
#.....####.....###.....#
..#####.....##.....## .#.>..##
....##.....####.....# #...... #


You could see an entropy weaver and a soldier ant (wandering).

Vanquished Creatures
  Gastronok (Lair:1)
  2 hydras
  A two-headed ogre (D:9)
  2 death yaks
  Nergalle (Lair:4)
  Pikel (D:7)
  8 cane toads
  A merfolk siren (Lair:2)
  A black mamba (Lair:3)
  A rime drake (Lair:5)
  4 komodo dragons
  A merfolk (Lair:2)
  2 polar bears
  2 slime creatures
  13 blink frogs
  A wyvern (D:8)
  2 wraiths (D:8)
  32 yaks
  3 basilisks
  2 steam dragons
  19 soldier ants
  3 wargs (D:9)
  11 water moccasins
  An acid dragon (D:9)
  An orc warrior (D:7)
  3 ice beasts
  A phantom (D:7)
  2 sky beasts
  5 black bears
  4 ogres
  4 centaurs
  2 lemures (D:7)
  A big kobold (D:6)
  13 bullfrogs
  A wyvern zombie (D:8)
  4 scorpions
  9 killer bees
  11 wights
  An electric eel (Lair:2)
  A bullfrog zombie (D:7)
  A quasit (D:8)
  3 jellies
  2 hounds
  8 orc priests
  A bullfrog skeleton (D:9)
  5 orc wizards
  Jessica (D:3)
  An iguana (D:4)
  Terence (D:3)
  13 worker ants
  A killer bee zombie (D:9)
  2 hound skeletons
  A howler monkey zombie (D:8)
  22 adders
  A howler monkey skeleton (D:5)
  2 white imps
  3 ufetubi
  An ooze (D:4)
  An adder zombie (D:5)
  A dart slug (D:1)
  4 leopard geckos
  43 orcs
  4 ball pythons
  2 giant cockroaches
  4 goblins
  12 hobgoblins
  A jackal (D:8)
  4 quokkas
  3 bats
  6 frilled lizards
  12 kobolds
  8 rats
352 creatures vanquished.

Vanquished Creatures (collateral kills)
  A rime drake (Lair:1)
  A komodo dragon (Lair:1)
  A soldier ant (Lair:4)
3 creatures vanquished.

Vanquished Creatures (others)
  18 fulminant prisms
  34 fungi
  34 plants
86 creatures vanquished.

Grand Total: 441 creatures vanquished

Notes
Turn   | Place    | Note
-------+----------+-------------------------------------------
     0 | D:1      | Conn the Octopode Conjurer began the quest for the Orb.
     0 | D:1      | Reached XP level 1. HP: 11/11 MP: 3/3
   186 | D:1      | Reached XP level 2. HP: 17/17 MP: 1/5
   233 | D:1      | Learned a level 2 spell: Searing Ray
  1179 | D:2      | Gained mutation: Your spells are a little harder to cast,
                  | but a little more powerful. [potion of mutation]
  1179 | D:2      | Gained mutation: You are robust. (+10% HP) [potion of
                  | mutation]
  1182 | D:2      | Reached XP level 3. HP: 23/23 MP: 1/6
  1633 | D:2      | Reached skill level 5 in Conjurations
  1699 | D:2      | Reached XP level 4. HP: 21/29 MP: 4/7
  2599 | D:3      | Reached XP level 5. HP: 32/34 MP: 3/8
  2639 | D:3      | Noticed Terence
  2992 | D:3      | Killed Terence
  3079 | D:3      | Learned a level 3 spell: Dazzling Flash
  3115 | D:3      | Noticed Jessica
  3118 | D:3      | Killed Jessica
  3151 | D:3      | Reached skill level 1 in Slings
  3418 | D:3      | Reached skill level 1 in Fighting
  3563 | D:3      | Reached XP level 6. HP: 18/41 MP: 6/10
  3956 | D:4      | Noticed an orc warrior
  4406 | D:4      | Reached skill level 1 in Short Blades
  4470 | D:4      | Found a runed translucent gate.
  4471 | D:4      | Found a runed translucent gate.
  4471 | D:4      | Found a runed translucent gate.
  4471 | D:4      | Noticed snadeaben's ghost (novice HOMo)
  4676 | D:5      | Entered Level 5 of the Dungeon
  4954 | D:5      | Found Pafuulil's Armour Emporium.
  4964 | D:5      | Reached XP level 7. HP: 48/48 MP: 9/12
  5403 | D:5      | Reached skill level 6 in Conjurations
  5629 | D:5      | Found an ancient bone altar of Kikubaaqudgha.
  5939 | D:6      | Found Heunal's Distillery.
  5948 | D:6      | Bought a potion of lignification for 36 gold pieces
  5948 | D:6      | Bought a potion of heal wounds for 60 gold pieces
  5948 | D:6      | Bought a potion of heal wounds for 60 gold pieces
  5948 | D:6      | Bought a potion of might for 48 gold pieces
  5948 | D:6      | Bought a potion of curing for 36 gold pieces
  6104 | D:6      | Found Ebegraly's Book Shop.
  6129 | D:6      | Reached skill level 5 in Stealth
  6216 | D:6      | Found a hazy altar of Hepliaklqana.
  6220 | D:6      | Found an iron altar of Okawaru.
  6353 | D:6      | Found a basalt altar of Yredelemnul.
  6435 | D:6      | Reached XP level 8. HP: 55/55 MP: 9/14
  7288 | D:7      | Noticed Pikel
  7450 | D:6      | Learned a level 4 spell: Iskenderun's Mystic Blast
  7624 | D:7      | Killed Pikel
  7624 | D:7      | Reached skill level 5 in Spellcasting
  7624 | D:7      | Reached skill level 7 in Conjurations
  7646 | D:7      | Reached XP level 9. HP: 63/63 MP: 0/17
  8163 | D:7      | Found a staircase to the Ecumenical Temple.
  8178 | Temple   | Entered the Ecumenical Temple
  8235 | Temple   | Became a worshipper of Sif Muna the Loreminder
  8396 | D:7      | You fall into a shaft and drop 3 floors!
  8396 | D:10     | Entered Level 10 of the Dungeon
  8484 | D:10     | Reached skill level 8 in Conjurations
  8681 | D:11     | Noticed a purple ugly thing
  8919 | D:9      | Reached skill level 5 in Slings
  8919 | D:9      | Reached XP level 10. HP: 71/71 MP: 15/20
  8922 | D:9      | Found a runed translucent door.
  8923 | D:9      | Noticed Turtleman12345's ghost (novice VSDe)
  9135 | D:8      | Reached skill level 5 in Fighting
  9324 | D:8      | Reached * piety under Sif Muna
  9689 | D:8      | Learned a level 3 spell: Conjure Flame
  9693 | D:8      | Learned a level 3 spell: Mephitic Cloud
  9698 | D:8      | Learned a level 4 spell: Fulminant Prism
 10342 | D:6      | Bought a book of Minor Magic for 260 gold pieces
 10345 | D:6      | Learned a level 2 spell: Blink
 10348 | D:6      | Learned a level 2 spell: Call Imp
 10538 | D:8      | Reached skill level 1 in Air Magic
 10547 | D:8      | Reached skill level 1 in Invocations
 11071 | D:9      | Reached skill level 1 in Poison Magic
 11142 | D:9      | Found a staircase to the Lair.
 11176 | D:9      | Noticed a two-headed ogre
 11273 | D:9      | Killed a two-headed ogre
 11273 | D:9      | Reached skill level 1 in Fire Magic
 11449 | D:9      | Reached XP level 11. HP: 61/79 MP: 19/22
 11460 | D:9      | Reached ** piety under Sif Muna
 12170 | Lair:1   | Entered Level 1 of the Lair of Beasts
 12178 | Lair:1   | Noticed Gastronok
 12302 | Lair:1   | Killed a cane toad
 12302 | Lair:1   | Reached skill level 9 in Conjurations
 12834 | Lair:1   | Found a burning altar of Makhleb.
 12834 | Lair:1   | Noticed an oklob plant
 12863 | Lair:1   | Noticed a six-headed hydra
 12897 | Lair:1   | Killed a six-headed hydra
 13024 | Lair:1   | Reached skill level 1 in Hexes
 14007 | Lair:2   | Got a brightly glowing emerald amulet
 14018 | Lair:2   | Identified the amulet of Perfectionism {Faith rF+ Str+5
                  | Int-2 Dex+2} (You found it on level 2 of the Lair of
                  | Beasts)
 14034 | Lair:2   | HP: 1/79 [yak (16)]
 14039 | Lair:2   | HP: 3/79 [yak (13)]
 14500 | Lair:1   | Killed Gastronok
 14500 | Lair:1   | Reached XP level 12. HP: 22/88 MP: 6/24
 15125 | Lair:2   | Reached *** piety under Sif Muna
 15561 | Lair:2   | Found a staircase to the Shoals.
 16866 | Lair:3   | Found a staircase to the Snake Pit.
 16966 | Lair:3   | Noticed a four-headed hydra
 17002 | Lair:3   | Killed a four-headed hydra
 17002 | Lair:3   | Reached skill level 5 in Poison Magic
 17307 | Lair:3   | Reached skill level 10 in Conjurations
 17385 | Lair:3   | Reached **** piety under Sif Muna
 17787 | Lair:4   | Noticed Nergalle
 17799 | Lair:4   | Reached skill level 1 in Translocations
 17807 | Lair:4   | Reached skill level 5 in Fire Magic
 17815 | Lair:4   | Noticed a death yak
 17817 | Lair:4   | Reached XP level 13. HP: 89/94 MP: 14/26
 17823 | Lair:4   | Killed Nergalle
 18381 | Lair:4   | Noticed an entropy weaver
 18621 | Lair:3   | Reached skill level 1 in Evocations
 20408 | Lair:4   | Noticed an entropy weaver
 21549 | Lair:4   | Slain by an entropy weaver

Illustrated notes

Levels and vault maps discovered:
D:1:      giann_wishing_wells, layout_basic
D:2:      layout_loops_ring
D:3:      layout_rooms, uniq_jessica, uniq_terence
D:4:      layout_basic, ebering_ghost_rock_garden, st_stairs_9
D:5:      layout_basic, kennysheep_mini_moat, serial_shops, shop_coins
D:6:      layout_basic, marbit_many_paths, grunt_temple_overflow_open,
          serial_shops, nicolae_shop_waterfront, shop,
          chequers_decorated_corner, minmay_unpleasant_kobolds
D:7:      layout_basic, minmay_temple_entry_statues_pillars,
          kennysheep_small_square, uniq_pikel
D:8:      minmay_quarter_circles, layout_basic
D:9:      layout_long_grid, erik_lair_orcish_takeover,
          ebering_ghost_reflecting_pool
D:10:     layout_irregular_city, orc_0_dummy, hex_large,
          hangedman_abyss_or_decor_passed, uniq_psyche
D:11:     layout_loops_ring, gammafunk_ghost_split, minmay_st_funbox
Temple:   hc_temple_tempest_star
Lair:1:   layout_cellular_growth, lemuel_oklob_altar, uniq_gastronok
Lair:2:   layout_chaotic_city, elwin_shoals_entry_rooms,
          gammafunk_lair_bear_cave
Lair:3:   layout_regular_city, minmay_snake_entry_six_corridors
Lair:4:   layout_long_grid, zaba_anthell, lemuel_fruit_fields, uniq_nergalle
Lair:5:   dpeg_oklob_shooting_range, layout_hall_layers, serial_forest,
          infiniplex_forest_clump_tiny, infiniplex_forest_lined_ring,
          infiniplex_forest_lined_3, infiniplex_forest_clump_medium,
          infiniplex_forest_end_2, infiniplex_forest_lined_room_,
          infiniplex_forest_zigzag_1, infiniplex_forest_lined_2,
          nicolae_lair_grove_arrangements, columned_hall_lemuel

Skill      XL: |  1  2  3  4  5  6  7  8  9 10 11 12 13 |
---------------+----------------------------------------+-----
Stealth        | 3 4 5 6 7 8 9 |  9.7
Conjurations   | 5 6 7 8 9 10 | 10.5
Slings         | 1 2 3 5 6 7 |  7.4
Fighting       | 1 2 3 4 5 6 7 |  7.2
Spellcasting   | 3 4 5 6 7 8 9 |  9.8
Short Blades   | 1 2 3 4 |  4.2
Dodging        | 3 4 |  4.5
Air Magic      | 3 4 |  4.8
Invocations    | 2 3 4 |  4.3
Poison Magic   | 2 3 5 |  5.3
Fire Magic     | 1 3 5 |  5.6
Hexes          | 1 |  1.4
Translocations | 1 2 |  2.8
Evocations     | 1 |  1.6

Action                   |  1- 3 |  4- 6 |  7- 9 | 10-12 | 13-15 || total
-------------------------+-------+-------+-------+-------+-------++-------
Melee: Short sword       |    25 |    30 |     2 |       |       ||    57
       Constrict         |     6 |     8 |     8 |    31 |    15 ||    68
       Tentacles         |     1 |     4 |     3 |    37 |    14 ||    59
       Dagger            |       |       |    28 |   193 |    72 ||   293
 Fire: Hunting sling     |     1 |    17 |       |    21 |     6 ||    45
Throw: Javelin           |     1 |       |       |       |       ||     1
       Boomerang         |       |       |       |     2 |     3 ||     5
 Cast: Magic Dart        |    33 |    70 |    91 |    72 |    34 ||   300
       Searing Ray       |     2 |    17 |    31 |    67 |    28 ||   145
       Mephitic Cloud    |       |       |       |    44 |    30 ||    74
       Blink             |       |       |       |     6 |    16 ||    22
       Conjure Flame     |       |       |       |     7 |     3 ||    10
       Iskenderun's Myst |       |       |       |    21 |    12 ||    33
       Fulminant Prism   |       |       |       |    11 |     7 ||    18
       Call Imp          |       |       |       |       |     2 ||     2
Invok: Channel Magic     |       |       |       |       |     1 ||     1
Evoke: Wand              |       |       |     5 |     2 |    10 ||    17
       Phantom mirror    |       |       |       |       |     1 ||     1
  Use: Potion            |     3 |     4 |     2 |    10 |     4 ||    23
       Scroll            |       |     5 |     3 |     4 |     5 ||    17
 Stab: Sleeping          |     2 |     3 |     6 |    19 |     1 ||    31
       Confused          |       |       |       |    20 |     9 ||    29
       Invisible         |       |       |       |     1 |       ||     1
Armor: Skin              |     1 |       |     3 |    11 |    11 ||    26
Dodge: Dodged            |    18 |    25 |    32 |   167 |    46 ||   288

Table legend: (Time is in decaauts)
 A = Elapsed time spent in this place.
 B = Non-inter-level travel time spent in this place.
 C = Inter-level travel time spent in this place.
 D = Time resting spent in this place.
 E = Time spent auto-exploring this place.
 F = Levels seen in this place.
 G = Mean time per level.
                   A        B        C        D        E       F      G
               +--------+--------+--------+--------+--------+-----+--------+
         Total |  21455 |  21057 |    398 |   7157 |   8316 |  17 | 1262.1 |
       Dungeon |  12058 |  11717 |    341 |   3183 |   5400 |  11 | 1096.2 |
        Temple |     73 |     57 |     16 |      0 |     53 |   1 |   73.0 |
          Lair |   9323 |   9282 |     41 |   3973 |   2863 |   5 | 1864.6 |
               +--------+--------+--------+--------+--------+-----+--------+

Top non-repeatable levels by time:
  Lair:3: 3860 daAuts
  Lair:1: 2121 daAuts
  Lair:2: 1757 daAuts
     D:3: 1755 daAuts
     D:6: 1616 daAuts
  Lair:4: 1578 daAuts
     D:8: 1524 daAuts
     D:9: 1424 daAuts
     D:7: 1320 daAuts
     D:2: 1298 daAuts
     D:5: 1215 daAuts
     D:1: 1001 daAuts
     D:4: 601 daAuts
    D:11: 199 daAuts
    D:10: 100 daAuts
